 Dungeon Crawl Stone Soup version 0.31-a0-647-g38d6a14cb1 (webtiles) character file.

Game seed: 12318380872427877742

8864 Gargoyl the Cleaver (level 11, -1/102 HPs)
             Began as a Gargoyle Berserker on Aug 29, 2023.
             Was an Elder of Trog.
             Slain by an orc knight
             ... wielding a +0 glaive
              (19 damage)
             ... in a bailey.
             The game lasted 00:11:21 (6947 turns).

Gargoyl the Cleaver (Gargoyle Berserker)            Turns: 6947, Time: 00:11:22

Health: -1/102     AC: 26    Str: 28    XL:     11   Next: 37%
Magic:  11/11      EV: 18    Int:  7    God:    Trog [****..]
Gold:   446        SH:  0    Dex: 13    Spells: 10/10 levels left

rFire   . . .        i - +1 hand axe (elec)
rCold   . . .        (no shield)
rNeg    + . .        s - +3 scale mail of the Moon Troll {rElec}
rPois   ∞            b - +2 hat
rElec   +            x - +2 cloak
rCorr   .            (no gloves)
SInv    .            r - +0 pair of boots
Will    ++...        y - amulet of regeneration Stlth
                     m - +5 ring of evasion
HPRegen 2.17/turn    t - +6 ring of strength
MPRegen 0.12/turn

%: no passive effects
@: berserking (expiring), strong-willed, regenerating, very quick
A: sickness immunity, AC +8, negative energy resistance 1, electricity
resistance, torment resistance 1, petrification resistance
a: Renounce Religion, Berserk, Trog's Hand, Brothers in Arms


You were in a bailey.
You worshipped Trog.
Trog was greatly pleased with you.
You visited 1 branch of the dungeon, and saw 9 of its levels.
You also visited: Bailey.

You collected 747 gold pieces.
You spent 301 gold pieces at shops.

Inventory:

Hand Weapons
 a - a +0 hand axe
 i - a +1 hand axe of electrocution (weapon)
 l - a +0 scimitar of flaming
Missiles
 g - 16 poisoned darts
 k - 2 throwing nets
Armour
 b - a +2 hat (worn)
 r - a +0 pair of boots (worn)
 s - the +3 scale mail of the Moon Troll (worn) {rElec}
   (You found it on level 7 of the Dungeon)

   rElec:     It insulates you from electricity.
 x - a +2 cloak (worn)
Jewellery
 m - a +5 ring of evasion (left hand)
 t - a +6 ring of strength (right hand)
 y - an amulet of regeneration (around neck)
Wands
 f - a wand of polymorph (5)
 v - a wand of paralysis (20)
Scrolls
 n - 3 scrolls of teleportation
 w - a scroll of immolation
Potions
 c - 2 potions of invisibility
 d - a potion of attraction
 e - 3 potions of resistance
 h - 6 potions of heal wounds
 j - 5 potions of haste {unknown}
 o - a potion of degeneration {unknown}
 p - 2 potions of enlightenment {unknown}
 q - 3 potions of mutation {unknown}
 u - a potion of curing {unknown}
 z - 4 potions of might {unknown}
 A - 2 potions of magic {unknown}


   Skills:
 + Level 7.8 Fighting
 + Level 10.7 Axes
 * Level 9.9 Armour
 * Level 6.5 Dodging
 + Level 1.9 Stealth


You had 10 spell levels left.
You didn't know any spells.
Your spell library was empty.

Dungeon Overview and Level Annotations

Branches:
Dungeon (9/15)             Temple (0/1) D:4          Bailey (1/1)
   Lair: D:8-11         Orc: D:9-12

Altars:
Gozag
Hepliaklqana
Zin

Shops:
D:3 [   D:6 *


Innate Abilities, Weirdness & Mutations

You are immune to sickness and miasma.
Your stone body is resilient. (AC +8)
You are immune to poison.
You resist negative energy. (rN+)
You are resistant to electric shocks. (rElec)
You are resistant to unholy torment.
You are immune to petrification.


Message History

Unknown command.
You hit the orc knight.
The orc knight is almost dead.
You closely miss the orc knight. You hit the orc knight.
The orc knight barely misses you. The orc knight closely misses you.
The orc knight hits you with a +0 halberd!!
Unknown command.
You barely miss the orc knight.
The orc knight is almost dead.
You slash the orc knight!
Lightning courses through the orc knight!!
You slash the orc knight! The orc knight barely misses you.
The orc knight misses you.
The orc knight hits you with a +0 halberd!!
You hit the orc knight.
The orc knight is almost dead.
You hit the orc knight.
Lightning courses through the orc knight!
You closely miss the orc knight.
Unknown command.
You closely miss the orc knight.
The orc knight is almost dead.
You barely miss the orc knight. You slash the orc knight!
Lightning courses through the orc knight!
The orc knight hits you with a +0 glaive!
* * * LOW HITPOINT WARNING * * *
The orc knight hits you with a +0 trident!
* * * LOW HITPOINT WARNING * * *
The orc knight barely misses you.
You closely miss the orc knight.
The orc knight is almost dead.
You closely miss the orc knight. x2
Unknown command.
You closely miss the orc knight.
The orc knight is almost dead.
You closely miss the orc knight.
You hit the orc knight but do no damage.
Lightning courses through the orc knight!!
The orc knight hits you with a +0 glaive!!
You die...

#.......#
#..???..#
#..???..#
#..???..#
#.......#
#.......#
#...o...#
#...@...#
#..o)o..#
#.......#
##.....##
#'''''#
##.....##
#.......#
#.).....#
#..)....#


You could see 3 orc knights.

Vanquished Creatures
  Gastronok (D:8)
  Erica (D:7)
  Pikel (D:7)
  The ghost of Jano the Spear-Bearer, a novice DsFi (D:7)
  An orc knight (Bailey)
  The ghost of Opifex the Thaumaturge, a novice DEFE of Vehumet (D:6)
  Joseph (D:7)
  Maggie (D:8)
  Jeremiah (D:7)
  A vampire (D:6)
  Eustachio (D:6)
  Grum (D:8)
  2 steam dragons
  The ghost of ouz the Sneak, an amateur VSBr (D:4)
  Duvessa (D:5)
  2 water moccasins
  4 ice beasts
  A black bear (D:5)
  6 orc warriors
  2 ogres
  3 wolves (D:8)
  A centaur (D:8)
  2 kobold brigands
  A lemure (D:7)
  A phantom (D:6)
  2 bullfrogs
  A gnoll sergeant (D:6)
  4 scorpions
  6 wights
  Dowan (D:5)
  9 killer bees (D:8)
  A hound (D:7)
  3 orc priests
  Crazy Yiuf (D:7)
  A jelly (D:5)
  3 sleepcaps
  An iguana (D:4)
  Natasha (thrice) (D:2)
  5 orc wizards
  A centaur simulacrum (D:6)
  4 gnolls (D:6)
  6 adders
  2 howler monkey simulacra (D:6)
  3 white imps
  3 ufetubi
  3 dart slugs
  The ghost of GordonOverkill the Sneak, a weakling VSDe (D:7)
  40 orcs
  6 endoplasms
  4 giant cockroaches
  11 goblins
  10 hobgoblins
  7 jackals
  9 kobolds
  5 quokkas
  5 ball pythons
  2 bats
  7 frilled lizards
  4 rats
213 creatures vanquished.

Vanquished Creatures (others)
  An orc (D:5)
1 creature vanquished.

Grand Total: 214 creatures vanquished

Notes
Turn   | Place    | Note
-------+----------+-------------------------------------------
     0 | D:1      | Gargoyl the Gargoyle Berserker began the quest for the Orb.
     0 | D:1      | Reached XP level 1. HP: 14/14 MP: 1/1
    92 | D:1      | Reached XP level 2. HP: 6/19 MP: 2/2
   212 | D:1      | Reached skill level 3 in Axes
   464 | D:1      | Noticed an eye of devastation
   466 | D:1      | Found a faded altar of an unknown god.
   468 | D:1      | Noticed a golden eye
   468 | D:1      | Noticed a golden eye
   468 | D:1      | Noticed an eye of devastation
   656 | D:1      | Reached XP level 3. HP: 24/24 MP: 3/3
  1076 | D:2      | Noticed Natasha
  1089 | D:2      | Killed Natasha
  1090 | D:2      | Reached XP level 4. HP: 11/29 MP: 4/4
  1200 | D:2      | Reached ** piety under Trog
  1267 | D:2      | Noticed Natasha
  1274 | D:2      | Killed Natasha
  1745 | D:2      | Noticed Natasha
  1754 | D:2      | Killed Natasha
  1755 | D:2      | Reached XP level 5. HP: 32/33 MP: 5/5
  2075 | D:3      | Found Keoppin's Antique Armour Shop.
  2570 | D:4      | Reached skill level 4 in Axes
  2570 | D:4      | Reached XP level 6. HP: 39/39 MP: 4/6
  2613 | D:4      | Reached skill level 1 in Stealth
  2619 | D:4      | Noticed a water moccasin
  2652 | D:4      | Killed a water moccasin
  2653 | D:4      | Reached XP level 7. HP: 37/44 MP: 7/7
  2737 | D:3      | Bought a fine scale mail for 171 gold pieces
  2737 | D:3      | Identified the +2 scale mail of Insecurity {Str+2 Stlth+}
                  | (You bought it in a shop on level 3 of the Dungeon)
  2777 | D:4      | Reached skill level 5 in Axes
  2823 | D:4      | Found a staircase to the Ecumenical Temple.
  2940 | D:4      | Found a runed translucent gate.
  2940 | D:4      | Found a runed translucent gate.
  2940 | D:4      | Found a runed translucent gate.
  2941 | D:4      | Found an opulent altar of Gozag.
  2942 | D:4      | Noticed ouz's ghost (amateur VSBr)
  3191 | D:4      | Killed ouz's ghost
  3260 | D:5      | Entered Level 5 of the Dungeon
  3420 | D:5      | Reached skill level 5 in Armour
  3420 | D:5      | Reached XP level 8. HP: 34/48 MP: 4/8
  3586 | D:5      | Reached skill level 5 in Fighting
  3586 | D:5      | Reached skill level 6 in Axes
  3707 | D:5      | Noticed Duvessa
  3709 | D:5      | Noticed Dowan
  3715 | D:5      | Killed Duvessa
  3729 | D:5      | Killed Dowan
  3925 | D:5      | Reached *** piety under Trog
  4098 | D:6      | Noticed Eustachio
  4142 | D:6      | Found a runed translucent gate.
  4142 | D:6      | Found a runed translucent gate.
  4144 | D:6      | Killed Eustachio
  4145 | D:6      | Reached XP level 9. HP: 36/54 MP: 5/9
  4208 | D:6      | Found Kefow's Assorted Antiques.
  4233 | D:6      | Reached skill level 7 in Axes
  4235 | D:6      | Found a runed translucent gate.
  4378 | D:6      | Bought a slimy steel ring for 130 gold pieces
  4378 | D:6      | Identified the ring of Kiegyewku {Fly rC+ EV+5 Str-5 SInv}
                  | (You bought it in a shop on level 6 of the Dungeon)
  4716 | D:6      | Noticed Opifex's ghost (novice DEFE)
  4866 | D:6      | Killed Opifex's ghost
  4867 | D:6      | Reached skill level 5 in Dodging
  5056 | D:7      | Identified the +3 scale mail of the Moon Troll {rElec}
  5102 | D:7      | Reached skill level 8 in Axes
  5105 | D:7      | Noticed Pikel
  5115 | D:7      | Killed Pikel
  5116 | D:7      | Reached XP level 10. HP: 57/60 MP: 8/10
  5133 | D:7      | Noticed Jeremiah
  5360 | D:7      | Killed Jeremiah
  5449 | D:7      | Found a runed translucent door.
  5449 | D:7      | Noticed Crazy Yiuf
  5534 | D:7      | Found a runed translucent gate.
  5534 | D:7      | Found a runed translucent gate.
  5538 | D:7      | Found a runed translucent gate.
  5538 | D:7      | Noticed Jano's ghost (novice DsFi)
  5539 | D:7      | Noticed GordonOverkill's ghost (weakling VSDe)
  5564 | D:7      | Noticed Joseph
  5582 | D:7      | Killed Joseph
  5583 | D:7      | Reached skill level 9 in Axes
  5706 | D:7      | Killed GordonOverkill's ghost
  5723 | D:7      | Killed Jano's ghost
  5809 | D:7      | Killed Crazy Yiuf
  5864 | D:8      | Noticed Erica
  5868 | D:8      | Noticed Gastronok
  5873 | D:8      | Paralysed by something for 2 turns
  5889 | D:7      | Paralysed by something for 3 turns
  5896 | D:7      | Killed Erica
  5956 | D:8      | Killed Gastronok
  5957 | D:8      | Reached skill level 10 in Axes
  5967 | D:8      | Identified a scroll of acquirement
  5967 | D:8      | Acquired an amulet of regeneration
  5991 | D:8      | Reached XP level 11. HP: 52/67 MP: 11/11
  6052 | D:8      | Found the +5 Force Lance {heavy, knockback}
  6096 | D:8      | Noticed Maggie
  6124 | D:8      | Killed Maggie
  6165 | D:8      | Noticed Grum
  6184 | D:8      | Killed Grum
  6389 | D:8      | Reached **** piety under Trog
  6488 | D:8      | Found a hazy altar of Hepliaklqana.
  6488 | D:8      | Found a glowing silver altar of Zin.
  6743 | D:9      | Found a flagged portal.
  6761 | Bailey   | Entered a bailey
  6863 | Bailey   | Noticed an orc knight
  6884 | Bailey   | Killed an orc knight
  6923 | Bailey   | Noticed an orc knight
  6926 | Bailey   | Noticed an orc knight
  6929 | Bailey   | Noticed an orc knight
  6947 | Bailey   | Slain by an orc knight

Illustrated notes

Levels and vault maps discovered:
D:1:      lightli_arrival_flooded_house, layout_loops_corners,
          hellmonk_ecumenical_altar_watching_god
D:2:      layout_loops_ring, st_stairs_3, minmay_tetromino_s4, uniq_natasha
D:3:      minmay_door_path, layout_basic, serial_shops, shop,
          hangedman_feature_mirror
D:4:      layout_rooms, minmay_temple_entry_arrows, ebering_ghost_gozag,
          nicolae_nh_ransacked_shop
D:5:      minmay_diamond_boxcup, layout_gridville, uniq_duvessa
D:6:      layout_rooms, gammafunk_ghost_icy, serial_shops,
          nicolae_shop_tiny_statue_garden, uniq_eustachio
D:7:      layout_rooms, gammafunk_ghost_cemetery, uniq_pikel, uniq_joseph,
          uniq_jeremiah, uniq_crazy_yiuf_cottage
D:8:      layout_cave_pools, gammafunk_temple_overflow_pools,
          serial_column_ruins, column_ruins_courtyard_long_water,
          column_ruins_square_small, column_ruins_open_small,
          column_ruins_corridor_straight, column_ruins_grid_1,
          column_ruins_open_small, column_ruins_columns_T,
          column_ruins_columns_plus, nicolae_concentric_dashed_squares_wild,
          uniq_erica, uniq_maggie, uniq_grum, uniq_gastronok
D:9:      layout_basic, mainiacjoe_overflow_alcove_4, fiery_altar_vehumet,
          enter_bailey_4, minivault_16, uniq_psyche
Bailey:   bailey_polearm_5, bailey

Skill      XL: |  1  2  3  4  5  6  7  8  9 10 |
---------------+-------------------------------+-----
Axes           | 3 4 5 6 8 10 | 10.7
Fighting       | 4 5 6 7 |  7.8
Dodging        | 2 3 4 5 6 |  6.5
Armour         | 3 4 5 6 8 9 |  9.9
Stealth        | 1 |  1.9

Action                     |  1- 3 |  4- 6 |  7- 9 | 10-12 || total
---------------------------+-------+-------+-------+-------++-------
  Melee: Hand axe          |   100 |   161 |   241 |   281 ||   783
         Punch             |     3 |     4 |     6 |     1 ||    14
  Throw: Dart              |       |       |     1 |       ||     1
 Invoke: Berserk           |     3 |     3 |     4 |     5 ||    15
         Trog's Hand       |       |     2 |     2 |     3 ||     7
    Use: Scroll            |       |     1 |     8 |     5 ||    14
   Stab: Sleeping          |       |       |     1 |       ||     1
 Armour: Animal skin       |    39 |    11 |       |       ||    50
         Scale mail        |       |    90 |   134 |   111 ||   335
  Dodge: Dodged            |    76 |   141 |   230 |   275 ||   722

Table legend: (Time is in decaauts)
 A = Elapsed time spent in this place.
 B = Non-inter-level travel time spent in this place.
 C = Inter-level travel time spent in this place.
 D = Time resting spent in this place.
 E = Time spent auto-exploring this place.
 F = Levels seen in this place.
 G = Mean time per level.
                   A        B        C        D        E       F      G
               +--------+--------+--------+--------+--------+-----+--------+
         Total |   7064 |   6714 |    350 |    203 |   4492 |  10 |  706.4 |
       Dungeon |   6888 |   6538 |    350 |    169 |   4451 |   9 |  765.3 |
        Bailey |    176 |    176 |      0 |     34 |     41 |   1 |  176.0 |
               +--------+--------+--------+--------+--------+-----+--------+

Top non-repeatable levels by time:
     D:1: 1060 daAuts
     D:6: 941 daAuts
     D:7: 893 daAuts
     D:2: 868 daAuts
     D:5: 837 daAuts
     D:3: 775 daAuts
     D:8: 747 daAuts
     D:4: 669 daAuts
  Bailey: 176 daAuts
     D:9: 95 daAuts
